 Dungeon Crawl Stone Soup version 0.30.0-20-g3b4254fcbd (webtiles) character file.

Game seed: 11785178559316166499

10 Graphine the Shooter (level 2, -3/23 HPs)
             Began as a Formicid Hunter on June 2, 2023.
             Frozen to death by an endoplasm (5 damage)
             ... on level 1 of the Dungeon.
             The game lasted 00:01:06 (139 turns).

Graphine the Shooter (Formicid Hunter)               Turns: 139, Time: 00:01:07

Health: -3/23      AC:  3    Str: 15    XL:     2   Next: 30%
Magic:  2/2        EV: 12    Int:  8    God:
Gold:   0          SH:  0    Dex: 17    Spells: 1/1 levels left

rFire   . . .        g - +0 dagger
rCold   . . .        (no shield)
rNeg    . . .        c - +0 leather armour
rPois   .            (helmet unavailable)
rElec   .            (no cloak)
rCorr   .            (no gloves)
SInv    +            (no boots)
Will    .....        (no amulet)
Stlth   ++           (no ring)
HPRegen 0.23/turn    (no ring)
MPRegen 0.08/turn

%: no passive effects
@: no status effects
A: permanent stasis, dig shafts and tunnels, antennae 3, four strong arms
a: Dig, Shaft Self


You were on level 1 of the Dungeon.
You visited 1 branch of the dungeon, and saw 1 of its levels.

Inventory:

Hand Weapons
 a - a +0 shortbow
 g - a +0 dagger (weapon)
Armour
 c - a +0 leather armour (worn)
Scrolls
 b - a scroll of immolation
 d - a scroll of enchant weapon {unknown}
 e - a scroll of magic mapping {unknown}
 f - a scroll of identify {unknown}
 h - a scroll of fog {unknown}


   Skills:
 + Level 2.4 Fighting
 - Level 4.0 Ranged Weapons
 - Level 1.9 Dodging
 * Level 1.8 Stealth
 - Level 0.6 Invocations


You had one spell level left.
You didn't know any spells.
Your spell library was empty.

Dungeon Overview and Level Annotations

Branches:
Dungeon (1/15)

Altars:


Innate Abilities, Weirdness & Mutations

You cannot be hasted, slowed, berserked, paralysed or teleported.
You can dig through walls and to a lower floor.
You have a pair of large antennae on your head. (SInv)
Your four strong arms can wield two-handed weapons with a shield.


Message History

You are too injured to fight recklessly!
You are too injured to fight recklessly!
Hit: g) +0 dagger
Press: ? - help, Dir - move target, f - frilled lizard
Aim: a frilled lizard (about 50% to evade your +0 dagger)
You hit the frilled lizard.
You kill the frilled lizard!
The kobold closely misses you.
Unknown command.
Hit: g) +0 dagger
Press: ? - help, Dir - move target, f - kobold
Aim: a kobold, wielding a +0 dagger and quivering stones (severely wounded, about 41% to evade your +0 dagger)
You hit the kobold but do no damage.
The kobold is severely wounded.
The kobold hits you with a +0 dagger. The rat bites you.
* * * LOW HITPOINT WARNING * * *
Hit: g) +0 dagger
Press: ? - help, Dir - move target, f/p - kobold
Aim: a kobold, wielding a +0 dagger and quivering stones (severely wounded, about 41% to evade your +0 dagger)
You hit the kobold.
You kill the kobold!
The rat closely misses you.
Hit: g) +0 dagger
Press: ? - help, Dir - move target, f - rat
Aim: a rat (about 35% to evade your +0 dagger)
You hit the rat.
The rat is severely wounded.
The endoplasm freezes you.
You are frozen.
* * * LOW HITPOINT WARNING * * *
The rat bites you.
* * * LOW HITPOINT WARNING * * *
Hit: g) +0 dagger
Press: ? - help, Dir - move target, f - endoplasm, p - rat
Aim: an endoplasm (about 13% to evade your +0 dagger)
You hit the endoplasm.
The endoplasm is lightly wounded.
The endoplasm freezes you.
You are frozen.
You die...

)...[....#..# ##....)..###.#
............###............#
.#..####.(.....$.......##..#
....# ###..###........# .#
.†..# ##.# #........# ⌠...#
#.# #..##.#### ...## #.#
#..##..# ...# #.# #..###.#
...# #.# #.@# .# ##.# #.#
#Jr# .# #.# #... .. #.#
##... #)# ..... ##.# #...#.
.#.# ...##.# .#.# .... #
.#.#


You could see an endoplasm and a rat.

Vanquished Creatures
  A goblin (D:1)
  4 kobolds (D:1)
  A quokka (D:1)
  A ball python (D:1)
  A bat (D:1)
  2 frilled lizards (D:1)
  A rat (D:1)
11 creatures vanquished.

Notes
Turn   | Place    | Note
-------+----------+-------------------------------------------
     0 | D:1      | Graphine the Formicid Hunter began the quest for the Orb.
     0 | D:1      | Reached XP level 1. HP: 16/16 MP: 1/1
   105 | D:1      | Reached XP level 2. HP: 23/23 MP: 2/2
   139 | D:1      | Frozen to death by an endoplasm

Illustrated notes

Levels and vault maps discovered:
D:1:      saegor_arrival_under_anarchy, layout_loops_ring,
          hellmonk_ecumenical_altar_crossroads, hangedman_feature_mirror

Action                     || total
---------------------------++-------
  Melee: Dagger            ||    25
   Fire: Shortbow          ||    17
   Stab: Sleeping          ||     1
 Armour: Leather armour    ||    11
  Dodge: Dodged            ||    17
